 Dungeon Crawl Stone Soup version 0.31.0-11-ge490571c62 (webtiles) character file.

Game seed: 9030923776051508563

492 qw the Skirmisher (level 6, -1/35 HPs)
             Began as a Deep Elf Hunter on Feb 3, 2024.
             Slain by a gnoll
             ... wielding a +0 halberd
              (5 damage)
             ... on level 4 of the Dungeon.
             The game lasted 00:00:16 (2520 turns).

qw the Skirmisher (Deep Elf Hunter)                 Turns: 2520, Time: 00:00:17

Health: -1/35      AC:  6    Str: 10    XL:     6   Next: 91%
Magic:  8/8        EV: 12    Int: 14    God:
Gold:   162        SH:  0    Dex: 24    Spells: 5/5 levels left

rFire   . . .        a - +0 shortbow (drain)
rCold   . . .        (shield currently unavailable)
rNeg    . . .        j - +0 ring mail
rPois   .            d - +0 helmet
rElec   .            (no cloak)
rCorr   .            (no gloves)
SInv    .            (no boots)
Will    .....        (no amulet)
Stlth   ++           b - +4 ring of slaying {mikee}
HPRegen 0.25/turn    l - +6 ring of dexterity
MPRegen 0.11/turn

%: no passive effects
@: no status effects
A: no striking features
a: no special abilities


You were on level 4 of the Dungeon.
You visited 1 branch of the dungeon, and saw 4 of its levels.

You collected 162 gold pieces.


   Skills:
 - Level 2.0 Fighting
 - Level 10.0 Ranged Weapons
 - Level 1.0 Armour
 + Level 3.7 Dodging
 - Level 1.2 Stealth


You had 5 spell levels left.
You didn't know any spells.
Your spell library was empty.

Inventory:

Hand Weapons
 a - a +0 shortbow of draining (weapon)
Armour
 d - a +0 helmet (worn)
 j - a +0 ring mail (worn)
 m - a +2 cloak
Jewellery
 b - a +4 ring of slaying (left hand) {mikee}
 l - a +6 ring of dexterity (right hand)
Scrolls
 e - a scroll of immolation {unknown}
 g - a scroll of noise {unknown}
Potions
 c - a potion of resistance
 f - a potion of enlightenment
 h - a potion of curing
 i - a potion of ambrosia {unknown}
 k - a potion of brilliance {unknown}

Dungeon Overview and Level Annotations

Branches:
Dungeon (4/15)
 Temple: D:4-7

Altars:
Sif Muna
Trog
Zin
The Shining One

Annotations:
D:4 Pikel


Message History

Enter note:
2509 ||| RETREEEEATING.
You shoot an arrow. The arrow closely misses the orc.
The orc hits you with a +0 whip.
You shoot an arrow. The arrow hits the orc.
You drain the orc.
You kill the orc!
The gnoll hits you from afar with a +0 halberd!
You shoot an arrow. The arrow closely misses the lemure.
The lemure barely misses you. The gnoll barely misses you.
You shoot an arrow. The arrow hits the lemure.
You kill the lemure!
That felt strangely unrewarding.
The gnoll hits you from afar with a +0 halberd!
You shoot an arrow. The lemure shouts!
The arrow hits the orc.
The orc is moderately wounded.
You hear a shout!
The orc hits you but does no damage.
The gnoll hits you from afar with a +0 halberd.
You hear a shout! x2
You shoot an arrow. The arrow hits the orc.
The orc is almost dead.
The gnoll misses you.
You shoot an arrow. The arrow closely misses the orc.
The gnoll closely misses you.
You shoot an arrow. The arrow hits the orc.
You drain the orc.
You kill the orc!
The gnoll completely misses you.
You shoot an arrow. The arrow barely misses the orc.
The orc hits you but does no damage. The gnoll barely misses you.
You shoot an arrow. The arrow hits the orc!
You kill the orc!
A gnoll comes into view. It is wielding a +0 halberd.
The gnoll closely misses you. The orc hits you with a +0 war axe.
You shoot an arrow. The arrow hits the gnoll.
You drain the gnoll.
The gnoll is severely wounded.
The gnoll barely misses you. The orc barely misses you.
The gnoll hits you with a +0 halberd.
You die...

#..g..5....# .
#..........##...
###.....o.......#
#.....##....#
#.........g##
####.........5#
............g5#
..........K##g#
...........o@##
.............#
.............#
.............## #
....[.........# .#
..............#
.####.............#
.....[.....#......#
...........#......#


You could see Pikel, 2 lemures, 2 gnolls and an orc.

Vanquished Creatures
  A black bear (D:3)
  A lemure (D:4)
  A gnoll bouda (D:4)
  A sleepcap (D:3)
  Jessica (D:3)
  Natasha (twice) (D:3)
  2 iguanas
  An orc wizard (D:4)
  2 hound zombies (D:3)
  A hound skeleton (D:3)
  Robin (D:2)
  An adder (D:4)
  5 gnolls (D:4)
  A spectral adder (D:3)
  An adder skeleton (D:3)
  A ribbon worm (D:2)
  7 orcs
  2 bats (D:1)
  6 endoplasms
  3 giant cockroaches
  10 goblins
  5 hobgoblins
  4 jackals (D:1)
  A quokka (D:1)
  10 ball pythons
  4 frilled lizards
  A giant cockroach zombie (D:3)
  6 kobolds
  A rat (D:1)
83 creatures vanquished.

Notes
Turn   | Place    | Note
-------+----------+-------------------------------------------
     0 | D:1      | qw the Deep Elf Hunter began the quest for the Orb.
     0 | D:1      | Reached XP level 1. HP: 12/12 MP: 3/3
     0 | D:1      | 0 ||| qw: Version: 0.3-a-158-g18b3111
     0 | D:1      | 0 ||| qw: Game counter: 4053
     0 | D:1      | 0 ||| qw: Melee chars always use a shield: true
     0 | D:1      | 0 ||| qw: God list: Okawaru
     0 | D:1      | 0 ||| qw: Allow faded altars: false
     0 | D:1      | 0 ||| qw: Do Orc after clearing Dungeon:15 true
     0 | D:1      | 0 ||| qw: Do second Lair branch before Depths: true
     0 | D:1      | 0 ||| qw: Lair rune preference: random
     0 | D:1      | 0 ||| qw: Goals: Normal
     0 | D:1      | 0 ||| PLANNING D:1-11
   121 | D:1      | Reached XP level 2. HP: 16/16 MP: 4/4
   126 | D:1      | Reached skill level 6 in Ranged Weapons
   378 | D:1      | HP: 3/16 [jackal (2)]
   498 | D:1      | Reached XP level 3. HP: 20/20 MP: 5/5
   679 | D:1      | 679 ||| UPGRADING to +0 ring mail.
   689 | D:1      | 689 ||| DROPPING +0 leather armour.
   690 | D:1      | 690 ||| DROPPING +6 ring of intelligence.
   691 | D:1      | 691 ||| READING scroll labelled GETSATT FUIDGH.
   691 | D:1      | 691 ||| IDENTIFYING white potion
   692 | D:1      | 692 ||| DRINKING 2 murky red potions.
   693 | D:1      | 693 ||| DROPPING scroll of butterflies.
   694 | D:1      | 694 ||| DROPPING potion of berserk rage.
   769 | D:2      | Noticed Robin
   781 | D:2      | Reached skill level 7 in Ranged Weapons
   788 | D:2      | Killed Robin
  1274 | D:2      | 1274 ||| UPGRADING to +0 helmet.
  1279 | D:2      | 1279 ||| READING scroll of identify.
  1279 | D:2      | 1279 ||| IDENTIFYING gluggy clear potion
  1280 | D:2      | 1280 ||| READING scroll labelled GIHAPL FEODEE.
  1280 | D:2      | 1280 ||| BRANDING +0 shortbow.
  1281 | D:2      | 1281 ||| READING 2 scrolls labelled UKOESA JEUTYTE.
  1282 | D:2      | 1282 ||| READING scroll labelled VOTURU DORCH.
  1283 | D:2      | 1283 ||| READING scroll labelled TOEHIR AKOLL.
  1284 | D:2      | 1284 ||| DRINKING 2 glowing clear potions.
  1285 | D:2      | 1285 ||| DROPPING scroll of fog.
  1286 | D:2      | 1286 ||| DROPPING potion of invisibility.
  1397 | D:3      | Found a glowing golden altar of the Shining One.
  1473 | D:3      | Found a glowing silver altar of Zin.
  1474 | D:3      | Noticed an angel
  1494 | D:3      | Reached XP level 4. HP: 25/25 MP: 6/6
  1726 | D:3      | Noticed Natasha
  1731 | D:3      | 1731 ||| RETREEEEATING.
  1733 | D:3      | 1733 ||| RETREEEEATING.
  1734 | D:3      | 1734 ||| RETREEEEATING.
  1741 | D:3      | 1741 ||| RETREEEEATING.
  1745 | D:3      | Killed Natasha
  1755 | D:3      | HP: 6/25 [hound zombie (2)]
  1757 | D:3      | Reached skill level 8 in Ranged Weapons
  1811 | D:3      | Reached XP level 5. HP: 20/29 MP: 7/7
  1869 | D:3      | Identified the +4 dagger of Foolhardiness {pain, *Slow rF+
                  | rN+}
  1957 | D:3      | Noticed Jessica
  1959 | D:3      | Killed Jessica
  1966 | D:3      | Found a shimmering blue altar of Sif Muna.
  2080 | D:3      | Noticed Natasha
  2082 | D:3      | Killed Natasha
  2083 | D:3      | Reached skill level 9 in Ranged Weapons
  2113 | D:3      | 2113 ||| UPGRADING to +4 ring of slaying {mikee}.
  2114 | D:3      | 2114 ||| DROPPING ring of flight.
  2115 | D:3      | 2115 ||| UPGRADING to +6 ring of dexterity.
  2116 | D:3      | 2116 ||| READING scroll of identify.
  2116 | D:3      | 2116 ||| IDENTIFYING cyan potion
  2117 | D:3      | 2117 ||| READING 2 scrolls labelled XENAEM CAJEHE.
  2118 | D:3      | 2118 ||| READING scroll labelled EWECZA EMONI.
  2123 | D:3      | 2123 ||| DROPPING scroll of amnesia.
  2137 | D:4      | 2137 ||| STAIRDANCE
  2144 | D:3      | Reached skill level 3 in Dodging
  2171 | D:4      | 2171 ||| STAIRDANCE
  2173 | D:4      | Noticed a black bear
  2174 | D:4      | 2174 ||| STAIRDANCE
  2179 | D:3      | Reached XP level 6. HP: 11/35 MP: 8/8
  2275 | D:4      | 2275 ||| STAIRDANCE
  2281 | D:3      | 2281 ||| RETREEEEATING.
  2282 | D:3      | 2282 ||| RETREEEEATING.
  2389 | D:4      | Reached skill level 10 in Ranged Weapons
  2411 | D:4      | Reached skill level 1 in Armour
  2453 | D:4      | Found a bloodstained altar of Trog.
  2501 | D:4      | Noticed Pikel
  2503 | D:4      | 2503 ||| RETREEEEATING.
  2504 | D:4      | 2504 ||| RETREEEEATING.
  2507 | D:4      | 2507 ||| RETREEEEATING.
  2508 | D:4      | 2508 ||| RETREEEEATING.
  2509 | D:4      | 2509 ||| RETREEEEATING.
  2514 | D:4      | HP: 7/35 [gnoll/+0 halberd (6)]
  2519 | D:4      | HP: 3/35 [orc/+0 war axe (5)]
  2520 | D:4      | Slain by a gnoll

Levels and vault maps discovered:
D:1:      saegor_arrival_simple_a, layout_rooms, serial_curves, eino_curves_03,
          eino_curves_01, eino_curves_04, st_stairs_6, minmay_tall_x
D:2:      layout_rooms, uniq_robin
D:3:      layout_loops_ring, nicolae_overflow_crystal_walls, tgw_sif, zin_angel,
          minmay_misc_feat_columns, dilly_guarded_unrand_morg
D:4:      layout_basic, lemuel_doored_altar, eino_curves_04, minmay_distorted,
          uniq_pikel, uniq_edmund

Skill      XL: |  1  2  3  4  5  6 |
---------------+-------------------+-----
Ranged Weapons | 6 7 8 9 10 | 10.0
Dodging        | 3 |  3.7
Fighting       | 2 |  2.0
Armour         | 1 |  1.0
Stealth        | |  1.2

Action                     |  1- 3 |  4- 6 || total
---------------------------+-------+-------++-------
   Fire: Shortbow          |   137 |   118 ||   255
    Use: Scroll            |     6 |     3 ||     9
         Potion            |     2 |       ||     2
 Armour: Leather armour    |    18 |       ||    18
         Ring mail         |    28 |    80 ||   108
  Dodge: Dodged            |    34 |    64 ||    98

Table legend:
 A = Non-vault XP
 B = Vault XP
 C = Vault XP percentage of total XP
 D = Non-vault monster count
 E = Vault monster count
 F = Vault count percentage of total count
                 A         B        C        D         E       F
            +---------+---------+-------+---------+---------+-------
      Total |     445 |     258 |  36.7 |      53 |      29 |  35.4
            +---------+---------+-------+---------+---------+-------
        D:1 |      38 |      11 |  22.4 |      24 |       6 |  20.0
        D:2 |       9 |      33 |  78.6 |       5 |      11 |  68.8
        D:3 |     209 |     185 |  47.0 |      10 |       9 |  47.4
        D:4 |     189 |      29 |  13.3 |      14 |       3 |  17.6
            +---------+---------+-------+---------+---------+-------
